 Dungeon Crawl Stone Soup version 0.24-a0-784-g601f8f6d22 (webtiles) character file.

Game seed: 12890222138388920251, levelgen mode: deterministic

7021 Flugkiller the Blocker (level 11, -2/72 HPs)
             Began as an Octopode Fighter on Oct 9, 2019.
             Was a High Priest of Okawaru.
             Killed from afar by Josephine (27 damage)
             ... with a ghostly fireball
             ... on level 10 of the Dungeon.
             The game lasted 00:17:22 (10657 turns).

Flugkiller the Blocker (Octopode Fighter)          Turns: 10657, Time: 00:17:23

Health: -2/72      AC:  1    Str: 17    XL:     11   Next: 8%
Magic:  12/17      EV: 14    Int: 11    God:    Okawaru [*****.]
Gold:   366        SH: 20    Dex: 13    Spells: 10/10 levels left

rFire    . . .     SeeInvis .   w - +0 broad axe
rCold    + + .     Gourm    .   g - +5 large shield
rNeg     . . .     Faith    .   (helmet restricted)
rPois    .         Spirit   .   (no amulet)
rElec    .         Reflect  .   e - ring of resist corrosion
rCorr    +         Harm     .   i - ring of protection from cold
MR       .....                  u - +2 ring of evasion
Stlth    ++........             B - +3 ring of slaying
HPRegen  0.22/turn              J - ring of protection from cold
MPRegen  0.15/turn              (no ring)
                                (no ring)
                                (no ring)

@: finesse, heavily drained
A: almost no armour, stealthy swim, amphibious, 8 rings, constrict 8, camouflage
1, gelatinous body 1
a: Heroism, Finesse, Renounce Religion


You were on level 10 of the Dungeon.
You worshipped Okawaru.
Okawaru was extremely pleased with you.
You were hungry.

You visited 1 branch of the dungeon, and saw 10 of its levels.
You also visited: Sewer.

You collected 366 gold pieces.

Inventory:

Hand Weapons
 a - a +0 war axe
 l - a +0 hunting sling
   (You took it off a goblin on level 2 of the Dungeon)
 w - a +0 broad axe (weapon)
   (You found it on level 4 of the Dungeon)
 H - a +4 hand axe of venom
   (Okawaru gifted it to you on level 9 of the Dungeon)
Missiles
 m - 343 stones (quivered)
 n - 72 sling bullets
 L - 10 curare-tipped darts
Armour
 b - a +0 shield
 g - a +5 large shield (worn)
   (You found it on level 1 of the Dungeon)
Jewellery
 e - a ring of resist corrosion (left tentacle)
   (You found it on level 1 of the Dungeon)
 i - a ring of protection from cold (right tentacle)
   (You found it on level 1 of the Dungeon)
 u - a +2 ring of evasion (on tentacle)
   (You found it on level 3 of the Dungeon)
 B - a +3 ring of slaying (on tentacle)
   (You found it on level 4 of the Dungeon)
 J - a ring of protection from cold (on tentacle)
   (You found it on level 9 of the Dungeon)
Wands
 q - a wand of disintegration (5)
   (You found it on level 4 of the Dungeon)
 A - a wand of flame (13)
   (You took it off a kobold on level 9 of the Dungeon)
 G - a wand of paralysis (16)
   (You found it on level 7 of the Dungeon)
 I - a wand of digging (4)
   (You found it on level 8 of the Dungeon)
Scrolls
 p - 9 scrolls of remove curse
 s - a scroll of blinking
 v - 2 scrolls of magic mapping
 x - a scroll of fear
 y - a scroll of fog {unknown}
 C - a scroll of immolation {unknown}
 D - a scroll of enchant weapon {unknown}
 K - a scroll of identify
Potions
 c - 3 potions of might
 f - 3 potions of flight
 h - 4 potions of heal wounds
 j - 2 potions of ambrosia
 k - 2 potions of invisibility {unknown}
 o - 3 potions of lignification
 r - 5 potions of curing
 t - a potion of brilliance {unknown}
 z - 2 potions of cancellation {unknown}
 E - 2 potions of agility
 F - a potion of haste {unknown}
Comestibles
 d - 20 rations


   Skills:
 - Level 6.0(4.3) Fighting
 - Level 8.1(6.3) Axes
 + Level 7.6(5.8) Dodging
 + Level 8.8(6.9) Shields
 - Level 8.0(6.2) Invocations
 - Level 5.0(3.3) Evocations


You had 10 spell levels left.
You didn't know any spells.
Your spell library contained the following spells:

 Spells                   Type           Power        Failure   Level  Hunger
 Confusing Touch          Hex            #.....       98%         1    ##.....
 Summon Small Mammal      Summ           #...         98%         1    ##.....
 Call Imp                 Summ           #.......     99%         2    ###....
 Call Canine Familiar     Summ           #.......     100%        3    ####...
 Confuse                  Hex            #.......     100%        3    ####...
 Gell's Gravitas          Tloc           #.........   100%        3    ####...
 Summon Guardian Golem    Hex/Summ       #.......     100%        3    ####...
 Petrify                  Tmut/Erth      #.......     100%        4    #####..
 Summon Ice Beast         Ice/Summ       #.......     100%        4    #####..
 Summon Lightning Spire   Summ/Air       #.......     100%        4    #####..
 Metabolic Englaciation   Hex/Ice        #.........   100%        5    ######.
 Yara's Violent Unravell  Hex/Tmut       #.........   100%        5    ######.


Dungeon Overview and Level Annotations

Branches:
Dungeon (10/15)            Temple (0/1) D:6            Lair (0/6) D:10
  Sewer (visited)
    Orc: D:9-12

Altars:
Ashenzari
Kikubaaqudgha
Makhleb
Nemelex Xobeh
Okawaru
Sif Muna
Trog
Vehumet
Wu Jian
Xom
Yredelemnul
Zin

Shops:
D:6 [

Annotations:
D:3 1 runed translucent door, Crazy Yiuf
D:6 Grinder
D:8 8 runed translucent doors, 1 exclusion, hitsuchi's ghost, novice OpEE
D:10 Josephine


Innate Abilities, Weirdness & Mutations

You cannot wear most types of armour.
You are very stealthy in the water. (Stealth+)
You are amphibious.
You can wear up to eight rings at the same time.
You can use your tentacles to constrict eight enemies at once.
Your skin changes colour to match your surroundings (Stealth+).
Your rubbery body absorbs attacks. (AC +1, EV +1)


Message History

You grab Josephine. You constrict Josephine. You block Josephine's attack.
Unknown command.
Your shield prevents you from hitting Josephine.
Your squeeze misses Josephine.
Josephine is lightly wounded.
You constrict Josephine. You block Josephine's attack. x2
Unknown command.
Unknown command.
Unknown command.
Unknown command.
Unknown command.
Unknown command.
Unknown command.
Unknown command.
You can now deal lightning-fast blows.
You constrict Josephine. You block Josephine's attack.
Your shield prevents you from hitting Josephine.
You squeeze Josephine.
Josephine is lightly wounded.
You closely miss the wraith. You constrict Josephine.
The wraith closely misses you. You block Josephine's attack.
Unknown command.
Your shield prevents you from hitting Josephine.
Josephine is moderately wounded.
You barely miss the wraith. You constrict Josephine.
The wraith completely misses you.
Unknown command.
You slash Josephine!
Josephine is heavily wounded.
You barely miss the wraith. You constrict Josephine.
You block Josephine's attack.
Unknown command.
You hit Josephine.
Josephine is heavily wounded.
You hit the wraith. You constrict Josephine. The wraith hits you!
Unknown command.
You slash Josephine!
Josephine is severely wounded.
You hit the wraith but do no damage. You constrict Josephine.
Josephine is infused with unholy energy.
* * * LOW HITPOINT WARNING * * *
Josephine draws life force from you and is healed!
You block the wraith's attack.
You slash Josephine!
Josephine is severely wounded.
You hit the wraith but do no damage. You constrict Josephine.
Josephine casts a spell at you.
The ghostly flame explodes!
The ghostly fireball engulfs you!!
You feel drained.
You die...

#.................# #..
#.................# #..
#.................# +..
#.................# #..
#.................# #..
#.................# #>.
######....)...)...##########+#..
#...#........W@................
#...##########@##..............
#...............#............†.
######..........#............†<
#..........#............†.
########...###'####.....#'
##.....##)...#.....#.....#.
#.%....#.....#.....)[....#.
#......#.....#.....#.....#.
##.....'....##...###....(#.


You could see Josephine and a wraith.

Vanquished Creatures
  Sonja (D:10)
  Pikel (D:3)
  A troll (D:8)
  Prince Ribbit (D:6)
  2 hippogriffs
  Sigmund (D:6)
  3 wraiths (D:10)
  Edmund (D:6)
  Purgy (Sewer)
  3 black bears
  An orc warrior (D:10)
  4 ice beasts
  An eye of draining (D:8)
  6 ogres
  4 sky beasts
  A phantom (D:10)
  2 centaurs
  A big kobold (D:9)
  3 bullfrogs
  A water moccasin zombie (D:8)
  3 scorpions
  10 killer bees
  5 howler monkeys
  4 crimson imps
  A centaur zombie (D:8)
  2 hounds
  2 jellies
  6 orc priests
  A bullfrog skeleton (D:6)
  A gnoll shaman (D:6)
  Natasha (thrice) (D:3)
  8 orc wizards
  9 worker ants
  A killer bee zombie (D:10)
  2 hound skeletons
  A howler monkey zombie (D:6)
  2 worker ant zombies
  Robin (D:3)
  A howler monkey skeleton (D:8)
  5 gnolls (D:6)
  5 adders
  3 river rats (D:6)
  2 shadow imps
  An ooze (D:6)
  An adder skeleton (D:5)
  3 worms
  3 dart slugs (D:1)
  8 leopard geckos
  29 orcs
  3 bat zombies (D:4)
  8 giant cockroaches
  9 hobgoblins
  A quokka (D:6)
  5 ball pythons
  7 bats
  2 frilled lizards
  11 goblins
  14 kobolds
  A quokka zombie (D:4)
  12 rats
  A rat zombie (D:4)
236 creatures vanquished.

Vanquished Creatures (others)
  A slave (D:4)
  A leopard gecko skeleton (D:4)
2 creatures vanquished.

Grand Total: 238 creatures vanquished

Notes
Turn   | Place    | Note
-------+----------+-------------------------------------------
     0 | D:1      | Flugkiller the Octopode Fighter began the quest for the
                  | Orb.
     0 | D:1      | Reached XP level 1. HP: 16/16 MP: 1/1
    40 | D:1      | Reached XP level 2. HP: 19/21 MP: 2/2
   535 | D:2      | Reached XP level 3. HP: 26/26 MP: 3/3
   769 | D:2      | Found a bloodstained altar of Trog.
  1342 | D:3      | Found an iron altar of Okawaru.
  1346 | D:3      | Became a worshipper of Warmaster Okawaru
  1393 | D:3      | Reached XP level 4. HP: 32/32 MP: 4/4
  1571 | D:3      | Noticed Natasha
  1579 | D:3      | Killed Natasha
  1796 | D:3      | Found a runed translucent door.
  1797 | D:3      | Noticed Crazy Yiuf
  1814 | D:3      | Noticed Natasha
  1837 | D:3      | Killed Natasha
  1837 | D:3      | Reached XP level 5. HP: 24/37 MP: 5/5
  1871 | D:3      | Noticed Natasha
  1884 | D:3      | Killed Natasha
  2041 | D:3      | Noticed Robin
  2171 | D:3      | Killed Robin
  2323 | D:4      | Noticed Pikel
  2323 | D:4      | Noticed a slave
  2323 | D:4      | Noticed a slave
  2323 | D:4      | Noticed a slave
  2323 | D:4      | Noticed a slave
  2671 | D:3      | Killed Pikel
  2671 | D:3      | Reached * piety under Okawaru
  2671 | D:3      | Reached ** piety under Okawaru
  2671 | D:3      | Reached skill level 5 in Fighting
  2671 | D:3      | Reached skill level 5 in Shields
  2671 | D:3      | Reached XP level 6. HP: 17/45 MP: 6/6
  2671 | D:3      | Reached XP level 7. HP: 19/50 MP: 7/7
  3163 | D:4      | Reached skill level 5 in Axes
  3524 | D:4      | Reached *** piety under Okawaru
  3858 | D:4      | Found an ancient bone altar of Kikubaaqudgha.
  4018 | D:5      | Entered Level 5 of the Dungeon
  4031 | D:5      | Reached skill level 1 in Invocations
  4041 | D:5      | Reached XP level 8. HP: 44/57 MP: 9/9
  4767 | D:6      | Found a staircase to the Ecumenical Temple.
  4805 | D:6      | Noticed Prince Ribbit
  4806 | D:6      | Noticed Sigmund
  4814 | D:6      | Killed Prince Ribbit
  4826 | D:6      | Killed Sigmund
  4907 | D:6      | Noticed Edmund
  4922 | D:6      | Killed Edmund
  4922 | D:6      | Reached **** piety under Okawaru
  4922 | D:6      | Reached XP level 9. HP: 57/62 MP: 11/11
  4951 | D:6      | Reached skill level 5 in Dodging
  4983 | D:6      | Found a glowing drain.
  4993 | Sewer    | Entered a sewer
  5062 | Sewer    | Noticed Purgy
  5072 | Sewer    | Killed Purgy
  5393 | D:6      | Noticed Grinder
  5456 | D:6      | Found a sparkling altar of Nemelex Xobeh.
  5882 | D:6      | Found Voky's Antique Armour Boutique.
  5951 | D:6      | Found an ornate altar of the Wu Jian Council.
  6326 | D:7      | Found a bloodstained altar of Trog.
  6542 | D:7      | Reached skill level 1 in Evocations
  6591 | D:7      | Found a shimmering blue altar of Sif Muna.
  6616 | D:7      | Found a basalt altar of Yredelemnul.
  6909 | D:7      | Found a glowing silver altar of Zin.
  6910 | D:7      | Noticed an angel
  7218 | D:8      | Noticed a troll
  7401 | D:8      | Found a runed translucent gate.
  7402 | D:8      | Found a runed translucent gate.
  7402 | D:8      | Noticed hitsuchi's ghost (novice OpEE)
  7425 | D:8      | Reached skill level 5 in Invocations
  7459 | D:8      | Killed a troll
  7459 | D:8      | Reached XP level 10. HP: 34/68 MP: 11/14
  7475 | D:8      | Reached ***** piety under Okawaru
  7477 | D:8      | Reached skill level 5 in Evocations
  7479 | D:8      | Found a shattered altar of Ashenzari.
  7823 | D:8      | Found a runed translucent gate.
  7997 | D:8      | Found a shimmering altar of Xom.
  7998 | D:8      | Found a shimmering altar of Xom.
  7998 | D:8      | Found a shimmering altar of Xom.
  7998 | D:8      | Found a shimmering altar of Xom.
  8005 | D:8      | Found a shimmering altar of Xom.
  8058 | D:8      | Found a runed translucent gate.
  8059 | D:8      | Found a runed translucent door.
  8065 | D:8      | Found a runed translucent gate.
  8065 | D:8      | Found a runed translucent gate.
  8074 | D:8      | Found a runed translucent door.
  8081 | D:8      | Found the +9 staff of Olgreb {rPois}
  8178 | D:8      | Noticed a spiny frog
  8178 | D:8      | a soldier ant changed into a spiny frog
  8228 | D:8      | Noticed a salamander
  8228 | D:8      | a spriggan changed into a salamander
  8232 | D:8      | Noticed a harpy
  8246 | D:8      | a harpy changed into a golden eye
  8265 | D:8      | Noticed an orb spider
  8265 | D:8      | a golden eye changed into an orb spider
  8267 | D:8      | Noticed a moth of wrath
  8437 | D:9      | Found a burning altar of Makhleb.
  8678 | D:9      | Found a radiant altar of Vehumet.
  8766 | D:9      | Received a gift from Okawaru
  9255 | D:10     | Entered Level 10 of the Dungeon
  9609 | D:10     | Noticed Sonja
  9890 | D:10     | Killed Sonja
 10199 | D:10     | Reached XP level 11. HP: 56/72 MP: 17/17
 10299 | D:10     | Found a staircase to the Lair.
 10359 | D:10     | Noticed Josephine
 10657 | D:10     | Killed from afar by Josephine

Levels and vault maps discovered:
D:1:      dpeg_arrival_windows_large_door, layout_basic
D:2:      layout_basic, lemuel_doored_altar, chequers_serial_rivers_small_a
D:3:      layout_rooms, minmay_misc_feat_rows, okawaru_gym_becter, uniq_natasha,
          uniq_crazy_yiuf_cottage, uniq_robin
D:4:      layout_layer_cave, lemuel_zombie_altar_kikubaaqudgha, first_ration,
          abandoned_shop, uniq_pikel
D:5:      layout_rooms
D:6:      layout_basic, kennysheep_mini_moat, minmay_temple_entry_butterflies,
          serial_shops, shop, portal_sewer_entry_e, nemelex_dance_club_becter,
          uniq_edmund, uniq_sigmund, uniq_grinder, uniq_blork_the_orc,
          uniq_prince_ribbit1
D:7:      layout_basic, zin_angel, old_standard_altar, old_standard_altar,
          trog_ov_bears_minmay
D:8:      layout_rooms, xom_shifter_show, kennysheep_little_box,
          gammafunk_ghost_nasty_kobolds, hangedman_pestilent_swarm,
          eino_small_chamber_without_monster,
          minmay_guarded_unrand_staff_of_olgreb
D:9:      layout_basic, vehumet_altar_wand_db, basic_altar
D:10:     layout_gridville, lair_entry_dummy, uniq_sonja, uniq_josephine

Skill      XL: |  1  2  3  4  5  6  7  8  9 10 |
---------------+-------------------------------+-----
Axes           | 3 4 5 6 7 8 |  8.1
Fighting       | 4 5 6 |  6.0
Shields        | 5 6 7 8 |  8.8
Invocations    | 2 3 5 8 |  8.0
Dodging        | 4 5 7 |  7.6
Evocations     | 4 5 |  5.0

Action                   |  1- 3 |  4- 6 |  7- 9 | 10-12 || total
-------------------------+-------+-------+-------+-------++-------
Melee: War axe           |    61 |    48 |     4 |       ||   113
       Constrict         |    17 |    17 |    58 |    37 ||   129
       Tentacles         |     6 |    13 |    58 |    41 ||   118
       Broad axe         |       |       |   242 |   146 ||   388
       Hand axe          |       |       |       |    58 ||    58
 Fire: Hunting sling     |     3 |     3 |       |       ||     6
Throw: Stone             |       |       |    11 |       ||    11
Invok: Heroism           |       |       |     2 |     3 ||     5
       Finesse           |       |       |       |     2 ||     2
Evoke: Wand              |       |       |       |     3 ||     3
  Use: Scroll            |     1 |     5 |     6 |     5 ||    17
       Potion            |       |       |       |     1 ||     1
 Stab: Sleeping          |     9 |     1 |    11 |     4 ||    25
  Eat: Chunk             |     2 |     3 |    13 |     6 ||    24
       Ration            |       |       |     1 |     1 ||     2
Armor: Skin              |     5 |     3 |     8 |    24 ||    40
Dodge: Dodged            |    29 |    14 |    54 |    50 ||   147
Block: Shield            |     7 |       |       |       ||     7
       Large shield      |    24 |    46 |   205 |   225 ||   500

Table legend:
 A = Non-vault XP
 B = Vault XP
 C = Vault XP percentage of total XP
 D = Non-vault monster count
 E = Vault monster count
 F = Vault count percentage of total count
                 A         B        C        D         E       F
            +---------+---------+-------+---------+---------+-------
      Total |    6628 |    3402 |  33.9 |     193 |      43 |  18.2
            +---------+---------+-------+---------+---------+-------
        D:1 |      33 |       0 |   0.0 |      16 |       0 |   0.0
        D:2 |      44 |       0 |   0.0 |      20 |       0 |   0.0
        D:3 |      96 |     734 |  88.4 |      16 |      13 |  44.8
        D:4 |     182 |       7 |   3.7 |      12 |       4 |  25.0
        D:5 |     232 |       0 |   0.0 |      10 |       0 |   0.0
        D:6 |     880 |     822 |  48.3 |      24 |      13 |  35.1
        D:7 |     981 |     266 |  21.3 |      29 |       2 |   6.5
        D:8 |    1809 |       0 |   0.0 |      18 |       0 |   0.0
        D:9 |     866 |       1 |   0.1 |      24 |       1 |   4.0
       D:10 |    1505 |    1420 |  48.5 |      24 |       4 |  14.3
      Sewer |       0 |     152 | 100.0 |       0 |       6 | 100.0
            +---------+---------+-------+---------+---------+-------
